Map: Ruins of Seras

Players

lesha

  • Race: Terran Terran
  • League: Silver

Laky - Winner!

  • Race: Terran Terran
  • League: Silver

VOD

Have the link to the VOD?

Description

Time

  • Played on: Dec. 15, 2015, 10:33 a.m.
  • Length: 14:39
Show
View Real Time Build Order
Export as new Build Order

lesha Terran 

Build Orders:  

Get SALT Encoding   

  12  0:01  SCV  
  13  0:15  SCV  
  13  0:19  Supply Depot  
  14  0:27  SCV  
  15  0:37  Refinery  
  15  0:40  SCV  
  16  0:46  Barracks  
  16  0:52  SCV  
  17  1:05  SCV  
  18  1:17  SCV  
  19  1:29  SCV  
  20  1:34  Reaper  
  21  1:41  Command Center  
  21  1:47  Refinery  
  21  1:51  Orbital Command  
  21  2:10  Marine  
  22  2:21  SCV, Factory  
  23  2:41  Supply Depot  
  23  2:53  SCV  
  23  2:54  Marine  
  25  3:05  SCV  
  26  3:06  Barracks  
  26  3:20  SCV  
  26  3:22  Orbital Command  
  27  3:32  SCV  
  28  3:34  Factory Tech Lab  
  28  3:35  Barracks Tech Lab  
  28  3:52  SCV x2  
  28  3:55  Barracks  
  29  4:04  SCV x2  
  29  4:08  Bunker  
  31  4:13  Siege Tank  
  31  4:15  Marine  
  31  4:16  Marauder  
  37  4:21  SCV x2  
  39  4:33  SCV x2, Barracks Reactor  
  39  4:34  Supply Depot x2  
  41  4:43  Starport  
  41  4:45  Barracks Reactor  
  41  4:46  Marauder  
  41  4:47  Siege Tank  
  46  4:54  Bunker  
  46  5:00  Engineering Bay  
  46  5:01  Engineering Bay  
  46  5:04  Supply Depot  
  46  5:05  Supply Depot  
  46  5:07  Marine  
  47  5:14  Marine x2  
  47  5:16  SCV x2  
  51  5:25  Starport Reactor, Marine  
  51  5:28  SCV x2  
  53  5:31  Marine x2  
  53  5:32  Marine  
  57  5:50  Command Center  
  57  5:52  SCV x2  
  57  5:53  Missile Turret  
  57  5:54  Refinery x2  
  57  5:56  Marine x2  
  61  6:02  Marauder  
  61  6:03  Medivac  
  64  6:13  Missile Turret  
  53  6:49  Marine  
  53  6:50  Marine x4  
  53  6:52  Medivac  
  53  6:53  Medivac  
  60  6:57  Terran Infantry Weapons Level 1, Terran Infantry Armor Level 1  
  60  7:07  Marine x2  
  60  7:08  Marine  
  63  7:10  Missile Turret  
  63  7:12  Missile Turret  
  63  7:16  Stimpack  
  63  7:19  Marine x2  
  63  7:22  Missile Turret  
  65  7:24  SCV x2  
  65  7:25  Marine x2  
  69  7:32  Missile Turret  
  69  7:39  Marine x3  
  69  7:41  Missile Turret  
  69  7:42  Missile Turret  
  69  7:43  Marine x2, Medivac x2  
  78  7:57  Armory, Marine x2  
  78  7:58  Marauder  
  82  8:01  Orbital Command  
  82  8:18  Barracks  
  82  8:19  Barracks, Marauder  
  84  8:20  Barracks  
  51  8:55  Missile Turret x2  
  47  8:58  Missile Turret  
  47  8:59  Missile Turret  
  44  9:04  Marine x5  
  44  9:06  Barracks  
  44  9:07  Barracks Reactor x2  
  44  9:09  Barracks Reactor  
  49  9:16  Combat Shields  
  49  9:22  Marine x5  
  54  9:25  SCV x3, Missile Turret  
  54  9:27  Missile Turret  
  55  9:37  SCV x3  
  58  9:39  Marine x2  
  58  9:40  Marine x2  
  62  9:49  SCV x2  
  62  9:50  SCV  
  65  9:57  Marine x7  
  65  9:58  Marine x2  
  74  10:00  Terran Infantry Weapons Level 2, Terran Infantry Armor Level 2  
  74  10:07  Command Center  
  74  10:10  Marine x2  
  74  10:13  Medivac x2  
  80  10:14  Marine  
  81  10:25  Marine x3  
  81  10:26  Marine x4  
  88  10:29  Marauder  
  90  10:36  Supply Depot  
  90  10:37  Supply Depot  
  90  10:41  SCV x3  
  93  10:57  SCV x2  
  93  10:58  Marauder  
  93  11:00  Marine  
  93  11:01  Marine x6  
  93  11:02  Marine x2  
  93  11:03  Supply Depot  
  93  11:04  Supply Depot, Marine  
  107  11:05  Medivac  
  109  11:18  SCV x3, Medivac  
  114  11:19  Marauder  
  114  11:25  Refinery  
  116  11:30  SCV  
  116  11:31  Refinery  
  116  11:32  SCV x3  
  120  11:33  Refinery  
  120  11:35  Marine x4  
  120  11:36  Marine x4  
  120  11:37  Marine  
  129  11:42  SCV  
  130  11:52  Refinery  
  130  11:56  SCV x2  
  130  11:57  SCV  
  130  12:01  Orbital Command  
  133  12:08  SCV x2  
  133  12:09  Marine x3  
  133  12:10  Marine x2  
  140  12:20  Supply Depot  
  140  12:23  Supply Depot x2  
  140  12:41  Marine x5  
  140  12:42  Marauder  
  140  12:43  Marine  
  148  12:44  Supply Depot, Marine x3  
  148  13:03  Marauder  
  91  13:20  Marine x6  
  91  13:21  Marine x3  
  91  13:24  Marine  
  77  13:38  Marine  
  77  13:39  Missile Turret  
  77  13:40  Marine x3  
  77  13:41  Missile Turret, Marine x5  
  79  13:44  Marine  
  84  13:48  Medivac  
  84  13:49  Medivac  
  88  13:55  Marine  
  88  13:58  Marine x4  
  88  13:59  Marine  
  88  14:00  SCV  
  95  14:12  SCV  
Show
View Real Time Build Order
Export as new Build Order

Laky Terran - Winner!

Build Orders:  

Get SALT Encoding   

  12  0:01  SCV  
  13  0:18  Supply Depot  
  13  0:19  SCV  
  14  0:32  SCV  
  15  0:42  Barracks  
  15  0:44  SCV  
  16  0:56  SCV  
  17  0:57  Refinery  
  17  1:01  Refinery  
  17  1:08  SCV  
  18  1:20  SCV  
  19  1:29  Supply Depot  
  19  1:32  Orbital Command  
  19  1:45  Factory  
  19  1:48  Marine  
  20  1:58  SCV  
  21  2:06  Marine  
  22  2:10  SCV  
  23  2:24  Marine  
  24  2:30  Starport  
  24  2:33  Factory Reactor  
  24  2:36  SCV  
  25  2:42  Marine  
  26  2:45  Supply Depot  
  26  2:48  SCV  
  27  3:00  SCV, Marine  
  27  3:01  Supply Depot  
  29  3:07  Starport Reactor  
  29  3:10  Widow Mine x2  
  33  3:17  Marine  
  34  3:35  Marine  
  34  3:38  Widow Mine x2  
  39  3:44  Command Center  
  38  3:56  Medivac x2  
  42  4:09  Widow Mine  
  44  4:10  Command Center, Widow Mine  
  46  4:22  Marine  
  47  4:26  Medivac x2  
  51  4:43  Marine  
  52  4:47  Widow Mine  
  54  5:00  Marine  
  55  5:21  Marine  
  55  5:27  Factory Tech Lab  
  56  5:39  Marine  
  57  5:45  Orbital Command  
  57  5:48  SCV  
  58  5:57  Marine  
  58  6:00  SCV  
  60  6:12  SCV  
  54  6:24  SCV  
  50  6:31  Liberator x2  
  46  6:49  Siege Tank  
  46  6:50  Marine  
  54  7:02  SCV x2  
  54  7:08  Marine  
  57  7:14  SCV x2  
  59  7:16  Starport  
  59  7:19  Command Center  
  59  7:23  Ghost Academy  
  59  7:26  SCV x2, Marine  
  62  7:34  Barracks  
  62  7:35  Barracks  
  62  7:36  Barracks  
  62  7:38  SCV x2  
  62  7:39  Barracks  
  64  7:49  Refinery  
  64  7:50  SCV x2, Refinery  
  66  8:02  SCV x2  
  68  8:06  Supply Depot x2  
  68  8:07  Supply Depot  
  68  8:14  SCV x2  
  65  8:26  SCV  
  52  8:54  Marine x2  
  52  8:55  Marine x3  
  51  9:02  Liberator  
  51  9:03  Liberator  
  51  9:11  Orbital Command  
  51  9:12  Marine x3  
  51  9:13  Marine x2  
  56  9:17  Engineering Bay  
  56  9:19  Engineering Bay  
  56  9:21  Medivac x2  
  66  9:30  Siege Tank  
  72  9:33  Barracks Tech Lab  
  72  9:35  Barracks Tech Lab  
  72  9:36  Barracks Tech Lab  
  69  9:40  Barracks Reactor, Barracks Tech Lab  
  69  9:46  Liberator x2  
  69  9:53  SCV x3  
  69  9:59  Supply Depot x2  
  72  10:00  Supply Depot  
  72  10:01  Medivac x2  
  72  10:02  Siege Tank  
  72  10:05  SCV x3  
  72  10:06  Refinery  
  88  10:07  Refinery  
  88  10:11  Terran Infantry Armor Level 1  
  88  10:17  SCV x3  
  88  10:18  Terran Infantry Weapons Level 1  
  88  10:20  Marine x2  
  93  10:22  Marine  
  93  10:23  Marine  
  93  10:24  Marine  
  96  10:29  SCV x3  
  96  10:31  Medivac x2  
  96  10:34  Siege Tank  
  96  10:35  Personal Cloaking  
  106  10:38  Marine x2  
  106  10:41  SCV x2  
  106  10:42  SCV, Ghost Academy  
  111  10:47  Ghost Academy  
  111  10:53  SCV x2  
  111  10:56  Ghost x3  
  117  10:58  Marine x2  
  117  10:59  Marine  
  117  11:03  SCV  
  123  11:05  SCV  
  124  11:15  Marine  
  124  11:16  Marine  
  124  11:17  Marine  
  127  11:35  Nuke x2  
  127  11:39  Marauder x2, Marine x2  
  134  11:40  Marine, Marauder  
  134  11:44  Command Center  
  136  11:52  Medivac  
  138  11:54  Viking  
  138  11:57  Ghost, Marine x2  
  138  11:58  Viking  
  138  12:00  Medivac, Ghost, Marine  
  138  12:01  Nuke  
  151  12:06  Combat Shields  
  151  12:18  Armory  
  151  12:20  Concussive Shells  
  132  13:50  Marauder x3  
  132  13:51  Nuke x3  
  132  13:52  Marine x2  
  142  13:55  Viking x2  
  142  13:56  Viking x2  
  148  14:10  Marine x2  
  148  14:11  Marauder, Marine x2  
Tags
 
Add a new tag
Caveats
  • Supply blocks, unpowered buildings, or Contaminate may cause inaccurate times.
  • Supply counts are checked every 10 seconds.